 Dungeon Crawl Stone Soup version 0.18.1-48-g4cf74bf (webtiles) character file.

1344 Gargoyl the Covered (level 8, -2/62 HPs)
             Began as a Demonspawn Abyssal Knight on Aug 22, 2016.
             Was an Elder of Lugonu.
             Slain by an orc warrior
             ... wielding a +2 vampiric battleaxe
              (22 damage)
             ... on level 7 of the Dungeon.
             The game lasted 00:16:43 (7913 turns).

Gargoyl the Covered (Demonspawn Abyssal Knight)     Turns: 7913, Time: 00:16:43

Health: -2/62      AC: 11    Str: 21    XL:     8   Next: 36%
Magic:  9/9        EV:  9    Int: 13    God:    Lugonu [****..]
Gold:   286        SH:  0    Dex: 12    Spells: 0 memorised, 7 levels left

rFire  . . .     SeeInvis .     a - +2 hand axe
rCold  + . .     Gourm    .     x - +0 chain mail
rNeg   . . .     Faith    +     (no shield)
rPois  .         Spirit   .     (helmet restricted)
rElec  .         Dismiss  .     (no cloak)
rCorr  +         Reflect  .     (no gloves)
SustAt .         Harm     .     (no boots)
MR     .....                    w - amulet of faith
Stlth  ..........               (no ring)
                                y - ring of resist corrosion

@: mighty, not resistant to hostile enchantments, extremely unstealthy
A: horns 1, rugged brown scales 1, cold resistance 1, demonic guardian 1
a: Depart the Abyss, Bend Space, Banish, Corrupt, Renounce Religion


You were on level 7 of the Dungeon.
You worshipped Lugonu.
Lugonu was greatly pleased with you.
You were not hungry.

You visited 1 branch of the dungeon, and saw 7 of its levels.
You visited the Abyss 1 time.

You collected 286 gold pieces.

Inventory:

Hand Weapons
 a - a +2 hand axe (weapon)
 j - a +0 spear
Missiles
 v - 7 javelins (quivered)
Armour
 x - a +0 chain mail (worn)
Jewellery
 w - an amulet of faith (around neck)
 y - a ring of resist corrosion (left hand)
Scrolls
 b - 3 scrolls of teleportation
 d - 3 scrolls of remove curse
 e - a scroll of amnesia
 g - a scroll of magic mapping {unknown}
 h - 3 scrolls of enchant weapon
 i - 2 scrolls of identify
 k - 2 scrolls of recharging
 n - a scroll of enchant armour {unknown}
 t - a scroll of blinking {unknown}
 u - a scroll of fog {unknown}
 z - 3 scrolls of immolation {unknown}
Potions
 l - 2 potions of heal wounds
 m - a potion of invisibility
 r - a potion of curing
 s - a potion of berserk rage {unknown}
 B - 2 potions of degeneration {unknown}
Comestibles
 c - 2 bread rations
 f - a royal jelly
 p - 2 beef jerkies
 q - a fruit
 A - 2 meat rations


   Skills:
 + Level 4.8 Fighting
 + Level 4.2 Axes
 * Level 6.7 Armour
 + Level 3.4 Dodging
 + Level 1.7 Stealth
 + Level 2.6 Invocations


You had 7 spell levels left.
You didn't know any spells.

Dungeon Overview and Level Annotations

Branches:
Dungeon (7/15)             Temple (0/1) D:5

Altars:
Ashenzari
Elyvilon
Gozag
Makhleb
Pakellas
Zin


Innate Abilities, Weirdness & Mutations

You have a pair of small horns on your head.
You are partially covered in rugged brown scales (AC +1, +3% HP).
Your flesh is cold resistant.
A weak demonic guardian rushes to your aid.


Message History

You headbutt the orc warrior, but do no damage.
The orc warrior is severely wounded.
The orc warrior hits you with a vampiric battleaxe!
The orc warrior draws strength from your injuries!
You hit the orc warrior but do no damage.
The orc warrior is severely wounded.
The orc warrior closely misses you.
You completely miss the orc warrior.
The orc warrior is severely wounded.
You hit the orc warrior.
The orc warrior is almost dead.
The orc warrior hits you with a vampiric battleaxe!
The orc warrior draws strength from your injuries!
You barely miss the orc warrior.
The orc warrior is heavily wounded.
The orc warrior hits you but does no damage.
You slash the orc warrior!
The orc warrior is almost dead.
The orc warrior hits you with a vampiric battleaxe!!
You die...

#.# !#
#.#########.###
#.............#
#########.###.#
#.# #.# #.# #5#
#@# #o# #o# #.#
#.# #(. ###


You could see an orc warrior, an orc and a friendly ufetubus.

Vanquished Creatures
  An orc warrior (D:7)
  The ghost of Anatei the Skirmisher, an amateur HuFi (D:3)
  A centaur (D:6)
  5 scorpions
  A howler monkey (D:6)
  A crimson imp (D:6)
  A hound (D:6)
  2 giant frog zombies (D:6)
  A wasp zombie (D:6)
  2 orc priests
  A giant frog skeleton (D:4)
  5 orc wizards
  3 worker ants
  A worker ant zombie (D:6)
  6 gnolls
  6 adders
  A howler monkey skeleton (D:4)
  An ooze (D:1)
  A worm (D:5)
  6 dart slugs
  3 giant geckos
  16 orcs
  5 giant cockroaches
  9 goblins
  8 hobgoblins
  6 jackals
  4 kobolds
  4 quokkas
  A ball python (D:3)
  9 bats (D:1)
  3 giant newts
  9 rats
124 creatures vanquished.

Vanquished Creatures (collateral kills)
  An ogre (D:6)
  A scorpion (D:4)
  An orc priest (D:5)
  An orc wizard (D:4)
  Terence (D:2)
  A gnoll (D:4)
  4 orcs
  A bat (D:3)
11 creatures vanquished.

Vanquished Creatures (others)
  A yak (D:5)
1 creature vanquished.

Grand Total: 136 creatures vanquished

Notes
Turn   | Place    | Note
--------------------------------------------------------------
     0 | Abyss:1  | Gargoyl the Demonspawn Abyssal Knight began the quest for the Orb.
     0 | Abyss:1  | Reached XP level 1. HP: 18/18 MP: 2/2
    46 | Abyss:1  | Noticed a small abomination
    52 | Abyss:1  | Noticed an ancient zyme
    71 | D:1      | Escaped the Abyss
   484 | D:1      | Reached * piety under Lugonu
   484 | D:1      | Reached skill level 1 in Dodging
   539 | D:1      | Gained mutation: You have a pair of small horns on your head. [demonic ancestry]
   539 | D:1      | Reached XP level 2. HP: 21/24 MP: 3/3
   556 | D:1      | Reached skill level 2 in Armour
   630 | D:1      | Gained mutation: A weak demonic guardian rushes to your aid. [demonic ancestry]
   630 | D:1      | Reached XP level 3. HP: 17/29 MP: 4/4
   930 | D:1      | Reached ** piety under Lugonu
  1070 | D:2      | Noticed Terence
  1088 | D:2      | Killed Terence
  1217 | D:2      | Gained mutation: Your flesh is cold resistant. [demonic ancestry]
  1217 | D:2      | Reached XP level 4. HP: 27/36 MP: 5/5
  2276 | D:2      | Reached skill level 3 in Armour
  2652 | D:3      | Found an opulent altar of Gozag.
  2665 | D:3      | Reached XP level 5. HP: 32/42 MP: 6/6
  2704 | D:3      | Noticed Anatei's ghost (amateur HuFi)
  2723 | D:3      | Killed Anatei's ghost
  2954 | D:3      | Found a shattered altar of Ashenzari.
  3174 | D:3      | Reached *** piety under Lugonu
  3206 | D:3      | Reached XP level 6. HP: 42/48 MP: 7/7
  3373 | D:4      | Found a burning altar of Makhleb.
  3375 | D:4      | Found a glowing silver altar of Zin.
  3375 | D:4      | Noticed an angel
  3375 | D:4      | Noticed a green death
  3448 | D:4      | Reached skill level 4 in Armour
  4763 | D:5      | Entered Level 5 of the Dungeon
  4860 | D:5      | Found a white marble altar of Elyvilon.
  4861 | D:5      | Reached XP level 7. HP: 38/54 MP: 8/8
  4865 | D:5      | Reached skill level 5 in Armour
  4976 | D:5      | Found an oddly glowing altar of Pakellas.
  4976 | D:5      | Noticed an orange crystal statue
  4978 | D:5      | Noticed a yak
  4982 | D:5      | Killed a yak
  5385 | D:5      | Found a staircase to the Ecumenical Temple.
  6065 | D:6      | Reached **** piety under Lugonu
  6065 | D:6      | Reached skill level 1 in Stealth
  6154 | D:6      | Reached skill level 6 in Armour
  6627 | D:6      | Gained mutation: You are partially covered in rugged brown scales (AC +1, +3% HP). [demonic ancestry]
  6627 | D:6      | Reached XP level 8. HP: 55/62 MP: 9/9
  7913 | D:7      | Slain by an orc warrior

Skill      XL: |  1  2  3  4  5  6  7  8 |
---------------+-------------------------+-----
Dodging        | 1 2 3 |  3.4
Armour         | 2 3 4 6 |  6.7
Axes           | 2 3 4 |  4.2
Fighting       | 4 |  4.8
Stealth        | 1 |  1.7
Invocations    | |  2.6

Action                   |  1- 3 |  4- 6 |  7- 9 || total
-------------------------+-------+-------+-------++-------
Melee: Hand axe          |   100 |   218 |   247 ||   565
       Headbutt          |    15 |    43 |    46 ||   104
Throw: Javelin           |       |       |     4 ||     4
Invok: Depart the Abyss  |     1 |       |       ||     1
  Use: Scroll            |       |     6 |     2 ||     8
       Potion            |       |     2 |     7 ||     9
 Stab: Distracted        |       |       |     2 ||     2
  Eat: Chunk             |     1 |    12 |     6 ||    19
       Bread ration      |       |       |     1 ||     1
Armor: Ring mail         |    71 |       |       ||    71
       Scale mail        |     5 |    28 |       ||    33
       Chain mail        |       |    84 |   136 ||   220
Dodge: Dodged            |    80 |   105 |    94 ||   279
